 Dungeon Crawl Stone Soup version 0.31.0-32-g396128a36d (webtiles) character file.

Game seed: 11698720714181540190

2698 Fractals the Trooper (level 9, -2/68 (72) HPs)
             Began as a Human Wanderer on Apr 13, 2024.
             Was a Priest of the Shining One.
             Slain by a wight
             ... wielding a +3 halberd
              (6 damage)
             ... on level 7 of the Dungeon.
             The game lasted 00:17:57 (7041 turns).

Fractals the Trooper (Human Wanderer)               Turns: 7041, Time: 00:17:58

HP:   -2/68 (72)    AC: 13    Str: 16    XL:     9   Next: 65%
MP:   13/13         EV:  9    Int: 13    God:    the Shining One [***...]
Gold: 488           SH:  5    Dex: 13    Spells: 8/8 levels left

rFire   . . .        a - +2 hand axe
rCold   . . .        (no shield)
rNeg    + . .        i - +0 chain mail
rPois   .            g - +0 helmet
rElec   .            h - +0 cloak
rCorr   .            t - +0 pair of gloves
SInv    .            (no boots)
Will    .....        d - amulet of reflection Stlth
                     (no ring)
HPRegen 0.31/turn    (no ring)
MPRegen 0.13/turn

%: reflection
@: glowing, studying Short Blades, drained
A: explore regen
a: Renounce Religion, Divine Shield, Cleansing Flame


You were on level 7 of the Dungeon.
You worshipped the Shining One.
The Shining One was most pleased with you.
You visited 1 branch of the dungeon, and saw 7 of its levels.

You collected 504 gold pieces.
You donated 16 gold pieces to Zin.

Inventory:

Hand Weapons
 a - a +2 hand axe (weapon)
 c - a +3 scimitar of freezing
 e - a +1 short sword of venom
 r - a +4 spear
Armour
 g - a +0 helmet (worn)
 h - a +0 cloak (worn)
 i - a +0 chain mail (worn)
 l - a scarf of resistance
 t - a +0 pair of gloves (worn)
Jewellery
 d - an amulet of reflection (around neck)
Scrolls
 b - a scroll of identify
 f - a scroll of poison {unknown}
 k - a scroll of butterflies {unknown}
 n - a scroll of fear
 q - a scroll of enchant weapon {unknown}
Potions
 j - a potion of curing
 o - a potion of cancellation
 p - a potion of lignification {unknown}
 s - a potion of heal wounds


   Skills:
 - Level 7.0 Fighting
 + Level 5.7(6.0) Axes
 - Level 2.7(4.6) Maces & Flails
 - Level 6.0 Armour
 - Level 5.5 Dodging
 + Level 6.5 Invocations
 - Level 1.0 Evocations


You had 8 spell levels left.
You didn't know any spells.
Your spell library was empty.

Dungeon Overview and Level Annotations

Branches:
Dungeon (7/15)             Temple (0/1) D:7

Altars:
Hepliaklqana
Uskayaw
Zin
The Shining One

Shops:
D:5 *   D:6 ((((

Annotations:
D:4 1 transporter, drollins's ghost, amateur MiBe


Innate Abilities, Weirdness & Mutations

You regain HP and MP as you explore.


Message History

a +0 dagger; a +0 dagger; a +0 robe You barely miss the orc.
The orc hits you with a +0 trident.
The orc priest invokes the aid of Beogh against you.
Beogh smites you!
You hit the orc.
The orc is moderately wounded.
The wight hits you from afar with a +3 halberd.
You partially resist.
You feel drained. The orc hits you with a +0 trident.
You slash the orc!
You kill the orc!
The wight hits you from afar with a +3 halberd!
You partially resist.
You feel drained. You block the wight's attack.
The orc priest calls down the wrath of Beogh upon you.
Beogh smites you!
Things that are here:
a +0 trident; an orc corpse You slash the wight!
The wight is heavily damaged.
The wight hits you with a +3 halberd!
* * * LOW HITPOINT WARNING * * *
You partially resist.
You feel drained.
* * * LOW HITPOINT WARNING * * *
You hit the wight.
The wight is severely damaged.
The wight hits you with a +3 halberd.
* * * LOW HITPOINT WARNING * * *
You barely miss the wight.
The wight is severely damaged.
You block the wight's attack.
The orc priest mumbles some strange prayers to Beogh against you.
Beogh smites you!
* * * LOW HITPOINT WARNING * * *
You hit the wight.
The wight is severely damaged.
The orc priest invokes the aid of Beogh against you.
Beogh smites you! The Shining One protects you from harm!
The wight hits you with a +3 halberd.
You die...

#.#
#.#
##
#.#
#.#
#.#
#.#
#.#
#.#
#.#
#.#
#.#
#.
#.#
#)#
#@#
#z#


Zoo #.#### #8oo8 #..... #8.... ###### #.88... ######## ##### ..... You could see
a wight, an orc priest, 3 orcs and a bullfrog zombie.

Vanquished Creatures
  Sigmund (D:2)
  A yak (D:6)
  A water moccasin (D:6)
  A black bear (D:6)
  2 ice beasts
  3 ogres
  A phantom (D:4)
  A kobold brigand (D:7)
  Blork the orc (D:6)
  A bullfrog (D:7)
  A scorpion (D:5)
  11 wights
  A bombardier beetle (D:7)
  A bullfrog zombie (D:7)
  2 centaur zombies (D:7)
  3 hounds
  3 orc priests
  2 sleepcaps
  4 iguanas
  4 orc wizards
  3 howler monkey zombies (D:7)
  7 gnolls
  9 adders
  6 ufetubi
  A ribbon worm (D:2)
  5 dart slugs
  12 orcs
  6 bats
  3 endoplasms
  3 giant cockroaches
  5 goblins
  6 hobgoblins
  17 kobolds
  4 quokkas
  2 ball pythons
  3 frilled lizards
  9 rats
146 creatures vanquished.

Notes
Turn   | Place    | Note
-------+----------+-------------------------------------------
     0 | D:1      | Fractals the Human Wanderer began the quest for the Orb.
     0 | D:1      | Fractals set off with the following items: a +2 hand axe, a
                  | +0 mace, a +0 ring mail, a potion of attraction.
     0 | D:1      | Reached XP level 1. HP: 15/15 MP: 1/1
   124 | D:1      | Reached XP level 2. HP: 21/21 MP: 2/2
   524 | D:1      | Found a faded altar of an unknown god.
   535 | D:1      | Reached skill level 2 in Fighting
   718 | D:1      | Reached XP level 3. HP: 27/27 MP: 3/3
  1054 | D:2      | Reached XP level 4. HP: 34/34 MP: 4/4
  1061 | D:2      | Noticed Sigmund
  1513 | D:3      | Reached skill level 3 in Fighting
  1758 | D:3      | Found a glowing silver altar of Zin.
  1785 | D:3      | Became a worshipper of Zin the Law-Giver
  1785 | D:3      | Reached * piety under Zin
  1814 | D:3      | Found a glowing golden altar of the Shining One.
  1993 | D:3      | Identified the +1 flail of Moderation {vamp, ^Contam rElec
                  | Str+5}
  2103 | D:3      | Fell from the grace of Zin
  2103 | D:3      | Became a worshipper of the Shining One
  2351 | D:2      | Killed Sigmund
  2352 | D:2      | Reached skill level 4 in Fighting
  2352 | D:2      | Reached XP level 5. HP: 20/42 MP: 5/5
  2352 | D:2      | Reached XP level 6. HP: 23/48 MP: 6/6
  3061 | D:4      | Reached skill level 5 in Fighting
  3165 | D:4      | Found a transporter.
  3182 | D:4      | Noticed drollins's ghost (amateur MiBe)
  3324 | D:4      | Reached skill level 1 in Dodging
  3324 | D:4      | Reached XP level 7. HP: 55/56 MP: 7/7
  3446 | D:5      | Entered Level 5 of the Dungeon
  3579 | D:5      | Reached skill level 1 in Invocations
  3655 | D:5      | Reached * piety under the Shining One
  4152 | D:5      | Found Iguvvih's Assorted Antiques.
  4490 | D:6      | Reached XP level 8. HP: 62/62 MP: 10/10
  4586 | D:6      | Noticed a yak
  4608 | D:6      | Killed a yak
  4766 | D:6      | Reached skill level 5 in Dodging
  4886 | D:6      | Found Juicas's Antique Weapon Emporium.
  5082 | D:6      | Reached skill level 5 in Invocations
  5146 | D:6      | Found Ratzujec's Antique Weapon Boutique.
  5403 | D:6      | Found Fog Lebb's Antique Weapon Boutique.
  5439 | D:6      | Noticed Blork the orc
  5455 | D:6      | Killed Blork the orc
  5899 | D:6      | Found a hide-covered altar of Uskayaw.
  6019 | D:6      | Found War Nec's Weapon Boutique.
  6121 | D:7      | Reached skill level 6 in Fighting
  6121 | D:7      | Reached XP level 9. HP: 56/69 MP: 13/13
  6485 | D:7      | Reached skill level 5 in Armour
  6492 | D:7      | Reached ** piety under the Shining One
  6528 | D:7      | Found a hazy altar of Hepliaklqana.
  6578 | D:7      | Found a staircase to the Ecumenical Temple.
  6770 | D:7      | Reached skill level 7 in Fighting
  6953 | D:7      | Reached *** piety under the Shining One
  7041 | D:7      | The Shining One protects you from harm!
  7041 | D:7      | Slain by a wight

Illustrated notes

Levels and vault maps discovered:
D:1:      lightli_arrival_lavapool, layout_basic,
          chequers_ecumenical_altar_simple_redux
D:2:      layout_loops_cross, uniq_sigmund
D:3:      layout_basic, mainiacjoe_overflow_catch_the_wave
D:4:      layout_basic, gammafunk_ghost_smash, minivault_27, kennysheep_boxes
D:5:      layout_basic, serial_shops, shop
D:6:      layout_basic, lemuel_doored_altar, serial_shops,
          nicolae_shop_statue_plus, shop, nicolae_shop_window_shopping,
          nicolae_shop_crystal, minmay_misc_feat_square, hangedman_decor_points,
          grunt_decor_mini_mirrors, minmay_manual_mess, uniq_blork_the_orc
D:7:      statuecave_lemuel, layout_loops_ring,
          nicolae_hepliaklqana_hazy_memory, minmay_temple_entry_mist,
          serial_undead, serial_undead_a, serial_undead_f, serial_undead_b,
          serial_undead_c, serial_undead_a, serial_undead_d

Skill      XL: |  1  2  3  4  5  6  7  8  9 |
---------------+----------------------------+-----
Maces & Flails | 2 |  2.7
Fighting       | 2 4 5 6 7 |  7.0
Armour         | 3 4 6 |  6.0
Dodging        | 1 4 5 |  5.5
Invocations    | 3 6 |  6.5
Axes           | |  5.7
Evocations     | |  1.0

Action                     |  1- 3 |  4- 6 |  7- 9 || total
---------------------------+-------+-------+-------++-------
  Melee: Hand axe          |    84 |   137 |   457 ||   678
         Punch             |     1 |     3 |     8 ||    12
 Invoke: Divine Shield     |       |       |     1 ||     1
    Use: Potion            |     2 |       |     2 ||     4
         Scroll            |       |     4 |     6 ||    10
 Armour: Ring mail         |    37 |    56 |       ||    93
         Scale mail        |       |    44 |       ||    44
         Chain mail        |       |    19 |   371 ||   390
  Dodge: Dodged            |    52 |    69 |   199 ||   320
  Block: Other             |    13 |    35 |   103 ||   151
         Reflection        |     1 |     1 |     1 ||     3
